AoeStats
← 海峡

Arena

509565268Analyzed
2v2 RM · 6d ago on Sep 27, 2026· 40m 34s· 4 players
Game mode
Random Map
Map size
Medium (4 player)
Population
200
Speed
Normal
Resources
Standard
Victory
Conquest
Starting age
Dark Age
Ending age
Imperial Age
RankedLock teamsTeams togetherTeam positionsShared explorationLock speedFull tech treeHidden civsTurbo modeCheats
Victory
Defeat
🇩🇪 Bohemians · Germany
1382
+16
🇩🇪 Saxons · Germany
1381
+16
🇨🇳 Poles · China
1391
-16
🇭🇰 Huns · Hong Kong SAR China
1378
-16
Just for fun
10:07 Feudal Age
12:21 Loom
15:14 Castle Age
13:25 Double-Bit Axe
13:45 Horse Collar
16:23 Fletching
22:36 Town Watch
25:01 Scale Barding Armor
25:07 Forging
24:54 Light Cavalry
26:04 Chain Barding Armor
海峡
10:22 Feudal Age
11:20 Double-Bit Axe
11:44 Horse Collar
14:13 Castle Age
12:29 Stone Mining
22:25 Bow Saw
22:55 Wheelbarrow
23:14 Heavy Plow
23:19 Gold Mining
24:33 Stone Shaft Mining
25:04 Hand Cart
25:22 Forging
26:12 Bloodlines
26:40 Scale Barding Armor
27:27 Light Cavalry
31:40 Imperial Age
30:11 Chain Barding Armor
30:27 Iron Casting
29:57 Husbandry
30:06 Szlachta Privileges
30:07 Loom
30:08 Town Watch
31:15 Coinage
33:24 Blast Furnace
31:53 Cavalier
33:14 Conscription
33:48 Fletching
33:59 Padded Archer Armor
33:39 Capped Ram
34:04 Winged Hussar
35:20 Lechitic Legacy
36:41 Treadmill Crane
38:02 Crop Rotation
37:50 Siege Engineers
39:02 Ballistics
38:52 Masonry
38:39 Murder Holes
38:54 Fortified Wall
39:43 Squires
41:01 Chemistry
39:57 Bodkin Arrow
40:18 Leather Archer Armor
39:53 Crossbowman
40:41 Thumb Ring
chunin
10:25 Feudal Age
14:41 Castle Age
13:01 Double-Bit Axe
15:10 Loom
18:42 Fervor
19:20 Fervor
21:36 Redemption
21:46 Sanctity
23:58 Wheelbarrow
24:31 Horse Collar
30:17 Imperial Age
29:28 Pikeman
29:34 Pikeman
31:28 Halberdier
33:37 Scale Mail Armor
33:48 Forging
34:44 Chemistry
36:20 Chain Mail Armor
36:40 Iron Casting
40:20 Blast Furnace
39:33 Heavy Plow
39:42 Squires
40:21 Plate Mail Armor
39:38 Arson
40:15 Conscription
40:37 Hand Cart
40:46 Bow Saw
Blackfire
10:44 Feudal Age
14:40 Castle Age
12:39 Double-Bit Axe
12:39 Horse Collar
18:30 Bow Saw
19:28 Heavy Plow
20:47 Loom
21:39 Gold Mining
21:54 Fletching
22:33 Ballistics
22:15 Stone Mining
24:54 Gold Shaft Mining
24:02 Crossbowman
26:36 Wheelbarrow
26:11 Town Watch
26:43 Thumb Ring
27:14 Bodkin Arrow
27:20 Padded Archer Armor
28:56 Hand Cart
31:31 Imperial Age
30:30 Coinage
30:43 Town Patrol
32:17 Bracer
33:21 Chemistry
31:53 Arbalester
32:54 Shield Wall
34:04 Leather Archer Armor
34:12 Pikeman
34:52 Squires
36:07 Halberdier
37:49 Scale Mail Armor
37:59 Forging
38:20 Ring Archer Armor
39:45 Gambesons
39:54 Arson
Connection lost

Rejoining the realm…

Still unreachable

The connection could not be restored.

Session expired

The server has moved on; the page needs a fresh start.